AoeStats
← Tx8 | Morochimaru

Black Forest

504637738Analyzed
4v4 RM · 27d ago on Sep 6, 2026· 60m 46s· 8 players
Game mode
Random Map
Map size
Large (8 player)
Population
200
Speed
Normal
Resources
Standard
Victory
Conquest
Starting age
Dark Age
Ending age
Imperial Age
RankedLock teamsTeams togetherTeam positionsShared explorationLock speedFull tech treeHidden civsTurbo modeCheats
Victory
Defeat
🇲🇽 Maya · Mexico
1303
+13
🇲🇽 Chinese · Mexico
1286
+14
🇲🇽 Turks · Mexico
1239
+16
🇲🇽 Teutons · Mexico
1176
+18
🇲🇽 Cumans · Mexico
1253
-16
🇨🇦 Mongols · Canada
1253
-16
🇦🇷 Dravidians · Argentina
1219
-15
🇦🇷 Khmer · Argentina
1208
-14
Ziton127
11:47 Feudal Age
15:47 Castle Age
14:00 Double-Bit Axe
17:08 Bow Saw
25:27 Bloodlines
27:21 Fishing Lines
33:12 Imperial Age
33:09 Squires
32:30 Man-at-Arms
33:24 Long Swordsman
33:24 Pikeman
34:21 Two-Handed Swordsman
34:22 Halberdier
35:45 Champion
38:22 Scale Mail Armor
Mandingo
8:13 Feudal Age
8:45 Loom
8:48 Double-Bit Axe
8:59 Gold Mining
9:33 Man-at-Arms
14:40 Fletching
23:11 Castle Age
22:06 Wheelbarrow
22:06 Horse Collar
22:31 Padded Archer Armor
24:11 Bow Saw
24:39 Gold Shaft Mining
23:26 Crossbowman
24:03 Bodkin Arrow
25:32 Leather Archer Armor
28:55 Stone Mining
29:09 Fishing Lines
31:04 Ballistics
31:02 Heavy Plow
36:22 Imperial Age
35:42 Stone Shaft Mining
35:33 Thumb Ring
36:36 Arbalester
37:17 Bracer
36:43 Capped Ram
38:45 Chemistry
38:36 Siege Ram
43:15 Siege Engineers
43:30 Shipwright
43:38 Drill
50:11 Conscription
54:22 Shipwright
Pelado
11:19 Feudal Age
14:38 Castle Age
12:47 Horse Collar
17:49 Scale Barding Armor
18:13 Light Cavalry
19:04 Bloodlines
21:51 Wheelbarrow
21:07 Double-Bit Axe
23:22 Loom
25:06 Bloodlines
24:57 Husbandry
27:24 Gold Mining
29:30 Chain Barding Armor
29:20 Forging
32:40 Imperial Age
32:03 Iron Casting
33:21 Bow Saw
33:12 Heavy Plow
34:24 Blast Furnace
33:59 Plate Barding Armor
34:12 Gold Shaft Mining
34:16 Plate Barding Armor
34:46 Elite Battle Elephant
36:14 Illumination
36:26 Theocracy
38:07 Tusk Swords
39:48 Conscription
Bydeep
1:30 Loom
15:04 Feudal Age
19:10 Castle Age
19:53 Stone Mining
22:39 Fletching
32:15 Double-Bit Axe
35:39 Horse Collar
38:17 Town Watch
Tx8 | EtergenInvictus
0:27 Loom
11:13 Feudal Age
11:33 Feudal Age
15:40 Castle Age
14:35 Double-Bit Axe
15:12 Horse Collar
17:25 Wheelbarrow
20:26 Bow Saw
24:12 Arson
25:39 Heavy Plow
26:59 Gold Mining
30:08 Imperial Age
28:57 Forging
30:11 Heavy Rocket Cart
31:54 Chemistry
32:13 Gold Shaft Mining
32:35 Iron Casting
32:24 Capped Ram
33:43 Careening
33:49 Fortified Wall
34:57 Scale Mail Armor
35:24 Fletching
36:30 Squires
37:31 Chain Mail Armor
38:17 Blast Furnace
40:04 Siege Ram
42:47 Plate Mail Armor
41:38 Elite Fire Lancer
47:06 Scale Barding Armor
46:40 Light Cavalry
47:30 Bloodlines
47:21 Husbandry
52:54 Chain Barding Armor
Tx8 | AlexisCubo
0:26 Loom
14:31 Feudal Age
46:31 Castle Age
Tx8 | Erickato
0:26 Loom
11:17 Feudal Age
15:32 Castle Age
14:37 Double-Bit Axe
14:34 Horse Collar
18:01 Fletching
20:29 Bodkin Arrow
24:08 Padded Archer Armor
24:54 Wheelbarrow
26:15 Leather Archer Armor
30:17 Heavy Plow
30:16 Gold Mining
30:39 Bow Saw
30:55 Hand Cart
34:48 Imperial Age
32:40 Town Watch
32:49 Pikeman
33:50 Forging
34:34 Scale Mail Armor
34:42 Stone Mining
35:35 Bracer
36:03 Halberdier
37:20 Squires
37:36 Chain Mail Armor
39:10 Ring Archer Armor
39:33 Crop Rotation
41:35 Chemistry
42:56 Iron Casting
45:09 Elite Skirmisher
46:51 Blast Furnace
49:05 Plate Mail Armor
Tx8 | Morochimaru
5:20 Loom
12:46 Feudal Age
17:36 Castle Age
18:36 Wheelbarrow
19:00 Double-Bit Axe
19:47 Gambesons
20:03 Squires
20:41 Pikeman
25:03 Scale Mail Armor
25:14 Forging
25:36 Town Watch
32:30 Fletching
36:16 Bow Saw
35:47 Horse Collar
35:59 Gold Mining
36:40 Chain Mail Armor
36:56 Arson
37:55 Hand Cart
Connection lost

Rejoining the realm…

Still unreachable

The connection could not be restored.

Session expired

The server has moved on; the page needs a fresh start.